 Dungeon Crawl Stone Soup version 0.30.1-4-g462c640d31 (webtiles) character file.

Game seed: 7896483643044544421

445 Bobit the Poker (level 7, -3/56 HPs)
             Began as a Gnoll Reaver on Aug 13, 2023.
             Was a Priest of Qazlal.
             Killed by divine providence
             ... invoked by an orc priest
              (15 damage)
             ... on level 4 of the Dungeon.
             The game lasted 00:09:53 (3739 turns).

Bobit the Poker (Gnoll Reaver)                      Turns: 3739, Time: 00:09:53

Health: -3/56      AC: 12    Str: 14    XL:     7   Next: 3%
Magic:  15/15      EV:  4    Int: 12    God:    Qazlal [***...]
Gold:   204        SH:  4    Dex: 10    Spells: 16/17 levels left

rFire   . . .        a - +0 spear
rCold   . . .        (no shield)
rNeg    . . .        x - +0 plate armour
rPois   .            (no helmet)
rElec   .            (no cloak)
rCorr   .            (no gloves)
SInv    .            l - +0 pair of boots
Will    .....        (no amulet) Stlth
                     t - ring of wizardry
HPRegen 0.29/turn    (no ring)
MPRegen 0.14/turn

%: wizardry (x1)
@: no status effects
A: fangs 1, strong nose, distributed training
a: Renounce Religion, Upheaval, Elemental Force


You were on level 4 of the Dungeon.
You worshipped Qazlal.
Qazlal was most pleased with you.
You visited 1 branch of the dungeon, and saw 4 of its levels.

You collected 204 gold pieces.

Inventory:

Hand Weapons
 a - a +0 spear (weapon)
 c - a +1 long sword of electrocution
 v - a +0 spear
Armour
 b - a +0 leather armour
 l - a +0 pair of boots (worn)
 m - a +0 ring mail
 x - a +0 plate armour (worn)
Magical Staves
 z - a staff of cold
Jewellery
 t - a ring of wizardry (left hand)
Wands
 C - a wand of mindburst (4)
Scrolls
 d - a scroll of vulnerability {unknown}
 e - a scroll of teleportation {unknown}
 h - 2 scrolls of immolation {unknown}
 i - 2 scrolls of poison {unknown}
 n - 3 scrolls of enchant armour {unknown}
 q - 5 scrolls of identify {unknown}
 r - 3 scrolls of noise {unknown}
 s - a scroll of amnesia {unknown}
 w - a scroll of summoning {unknown}
 y - a scroll of blinking {unknown}
 A - a scroll of magic mapping {unknown}
Potions
 f - a potion of invisibility {unknown}
 g - a potion of curing
 j - a potion of ambrosia {unknown}
 k - 2 potions of lignification
 o - 2 potions of might {unknown}
 p - a potion of degeneration {unknown}
 u - 2 potions of attraction {unknown}
 B - a potion of flight {unknown}


   Skills:
 + Level 5.1 Fighting
 + Level 2.3 Short Blades
 + Level 2.3 Long Blades
 + Level 2.3 Axes
 + Level 2.3 Maces & Flails
 + Level 7.0 Polearms
 + Level 2.3 Staves
 + Level 2.3 Ranged Weapons
 + Level 2.3 Throwing
 + Level 2.3 Armour
 + Level 5.1 Dodging
 + Level 2.3 Stealth
 + Level 2.3 Shields
 + Level 2.3 Unarmed Combat
 + Level 5.5 Spellcasting
 + Level 5.8 Conjurations
 + Level 1.8 Hexes
 + Level 1.8 Summonings
 + Level 1.8 Necromancy
 + Level 1.8 Translocations
 + Level 1.8 Transmutations
 + Level 1.8 Fire Magic
 + Level 1.8 Ice Magic
 + Level 1.8 Air Magic
 + Level 1.8 Earth Magic
 + Level 1.8 Poison Magic
 + Level 2.5 Invocations
 + Level 2.3 Evocations


You had 16 spell levels left.
You knew the following spells:

 Your Spells              Type           Power      Damage    Failure   Level
a - Kiss of Death         Conj/Necr      48%        2d9       83%         1

Your spell library contained the following spells:

 Spells                   Type           Power      Damage    Failure   Level
 Momentum Strike          Conj/Tloc      24%        3d8       92%         2
 Hailstorm                Conj/Ice       12%        3d5       99%         3


Dungeon Overview and Level Annotations

Branches:
Dungeon (4/15)
 Temple: D:4-7

Altars:
Dithmenos
Qazlal
Trog
Xom


Innate Abilities, Weirdness & Mutations

You have very sharp teeth.
Your uncanny sense of smell can sniff out nearby items.
Your experience applies equally to all skills.


Message History

Beogh smites you!
* * * LOW HITPOINT WARNING * * *
It was a potion of curing.
You feel better.
The adder bites you but does no damage. x2
You hit the adder.
The adder is severely wounded.
The adder bites you.
You are poisoned.
The adder poisons you!
You hit the adder.
The adder is almost dead.
You feel sick. The adder bites you but does no damage.
You hit the adder but do no damage.
The adder is almost dead.
You feel sick. The adder bites you but does no damage.
You hit the adder.
You kill the adder!
Qazlal accepts your kill.
You feel sick.
You hit the orc priest.
The orc priest is lightly wounded.
You hit the orc priest.
The orc priest is moderately wounded.
You feel sick.
The orc priest hits you but does no damage.
You hit the orc priest. Your bite misses the orc priest.
The orc priest is severely wounded.
You feel sick.
You are no longer poisoned.
The orc priest hits you but does no damage.
You hit the orc priest but do no damage.
You punch the orc priest, but do no damage.
The orc priest is severely wounded.
The orc priest calls down the wrath of Beogh upon you.
Beogh smites you!
* * * LOW HITPOINT WARNING * * *
You feel better.
The orc priest calls down the wrath of Beogh upon you.
Beogh smites you!
You die...

∆ ##### # ...# .####
####.####......
#....ooo.......
#######.##@####......
#..........# ...>.
#.#####.#..# ....
#.#..#######...
#...†..........
####).########. #..#
∆ ##..# ##...##


You could see 2 orc priests and an orc.

Vanquished Creatures
  A sky beast (D:3)
  A howler monkey (D:3)
  Natasha (thrice) (D:2)
  An orc wizard (D:4)
  Robin (D:3)
  9 adders
  3 worms (D:2)
  3 dart slugs
  8 orcs
  11 ball pythons
  3 bats
  8 endoplasms
  A giant cockroach (D:1)
  19 goblins
  11 hobgoblins
  3 jackals (D:3)
  7 kobolds
  3 quokkas
  3 frilled lizards
  5 rats
104 creatures vanquished.

Notes
Turn   | Place    | Note
-------+----------+-------------------------------------------
     0 | D:1      | Bobit the Gnoll Reaver began the quest for the Orb.
     0 | D:1      | Reached XP level 1. HP: 20/20 MP: 6/6
    88 | D:1      | Reached XP level 2. HP: 19/26 MP: 7/7
   626 | D:1      | Found a faded altar of an unknown god.
   811 | D:1      | Prayed at the altar of an unknown god.
   811 | D:1      | Became a worshipper of Qazlal Stormbringer
   811 | D:1      | Reached * piety under Qazlal
   978 | D:2      | Reached skill level 5 in Spellcasting
   978 | D:2      | Reached XP level 3. HP: 31/31 MP: 7/9
  1072 | D:2      | Reached skill level 1 in Invocations
  1176 | D:2      | Reached skill level 1 in Short Blades
  1176 | D:2      | Reached skill level 1 in Long Blades
  1176 | D:2      | Reached skill level 1 in Axes
  1176 | D:2      | Reached skill level 1 in Maces & Flails
  1176 | D:2      | Reached skill level 1 in Staves
  1176 | D:2      | Reached skill level 1 in Ranged Weapons
  1176 | D:2      | Reached skill level 1 in Throwing
  1176 | D:2      | Reached skill level 1 in Armour
  1176 | D:2      | Reached skill level 1 in Stealth
  1176 | D:2      | Reached skill level 1 in Shields
  1176 | D:2      | Reached skill level 1 in Unarmed Combat
  1176 | D:2      | Reached skill level 1 in Evocations
  1319 | D:2      | Noticed Natasha
  1324 | D:2      | Killed Natasha
  1325 | D:2      | Reached skill level 1 in Hexes
  1325 | D:2      | Reached skill level 1 in Summonings
  1325 | D:2      | Reached skill level 1 in Necromancy
  1325 | D:2      | Reached skill level 1 in Translocations
  1325 | D:2      | Reached skill level 1 in Transmutations
  1325 | D:2      | Reached skill level 1 in Fire Magic
  1325 | D:2      | Reached skill level 1 in Ice Magic
  1325 | D:2      | Reached skill level 1 in Air Magic
  1325 | D:2      | Reached skill level 1 in Earth Magic
  1325 | D:2      | Reached skill level 1 in Poison Magic
  1325 | D:2      | Reached XP level 4. HP: 30/38 MP: 11/11
  1422 | D:2      | Reached ** piety under Qazlal
  1691 | D:2      | Noticed Natasha
  1707 | D:2      | Killed Natasha
  1708 | D:2      | Reached XP level 5. HP: 19/39 MP: 10/12
  1820 | D:2      | Noticed Natasha
  1833 | D:2      | Killed Natasha
  2041 | D:3      | Noticed a sky beast
  2181 | D:3      | Killed a sky beast
  2182 | D:3      | Reached skill level 5 in Fighting
  2182 | D:3      | Reached skill level 5 in Dodging
  2182 | D:3      | Reached XP level 6. HP: 35/48 MP: 14/14
  2369 | D:3      | Noticed Robin
  2405 | D:3      | Killed Robin
  2878 | D:3      | Reached *** piety under Qazlal
  2955 | D:3      | Found a bloodstained altar of Trog.
  3118 | D:3      | Found a shadowy altar of Dithmenos.
  3118 | D:3      | Found a shimmering altar of Xom.
  3672 | D:4      | Reached skill level 7 in Polearms
  3672 | D:4      | Reached XP level 7. HP: 49/56 MP: 15/15
  3739 | D:4      | Killed from afar by an orc priest

Illustrated notes

Levels and vault maps discovered:
D:1:      dpeg_arrival_yet_another_circle, layout_loops_ring,
          shapermc_ecumenical_altar_mp_vishouse
D:2:      minmay_inner_zag, layout_basic, st_stairs_4, uniq_natasha
D:3:      layout_basic, trog_hazing_becter, gammafunk_temple_overflow_pools,
          minmay_tree_intersection, hangedman_decor_growths, uniq_robin
D:4:      layout_loops_ring, mainiacjoe_overflow_alcove_3, enter_ossuary_1

Skill      XL: |  1  2  3  4  5  6 |
---------------+-------------------+-----
Spellcasting   | 5 |  5.5
Invocations    | 1 2 |  2.5
Short Blades   | 1 2 |  2.3
Long Blades    | 1 2 |  2.3
Axes           | 1 2 |  2.3
Maces & Flails | 1 2 |  2.3
Staves         | 1 2 |  2.3
Ranged Weapons | 1 2 |  2.3
Throwing       | 1 2 |  2.3
Armour         | 1 2 |  2.3
Stealth        | 1 2 |  2.3
Shields        | 1 2 |  2.3
Unarmed Combat | 1 2 |  2.3
Evocations     | 1 2 |  2.3
Hexes          | 1 |  1.8
Summonings     | 1 |  1.8
Necromancy     | 1 |  1.8
Translocations | 1 |  1.8
Transmutations | 1 |  1.8
Fire Magic     | 1 |  1.8
Ice Magic      | 1 |  1.8
Air Magic      | 1 |  1.8
Earth Magic    | 1 |  1.8
Poison Magic   | 1 |  1.8
Fighting       | 5 |  5.1
Dodging        | 5 |  5.1
Polearms       | 7 |  7.0
Conjurations   | |  5.8

Action                     |  1- 3 |  4- 6 |  7- 9 || total
---------------------------+-------+-------+-------++-------
  Melee: Spear             |   147 |   303 |    16 ||   466
         Bite              |    10 |    13 |     1 ||    24
         Punch             |       |     7 |     1 ||     8
   Cast: Kiss of Death     |       |     3 |       ||     3
    Use: Potion            |       |     2 |     2 ||     4
 Armour: Ring mail         |    29 |     8 |       ||    37
         Leather armour    |     2 |       |       ||     2
         Plate armour      |       |   140 |     7 ||   147
         Skin              |       |    35 |       ||    35
  Dodge: Dodged            |    38 |    48 |     1 ||    87
  Block: Other             |     2 |    27 |       ||    29
